 Seeded DCSS version 0.30.1 (webtiles) character file.

Game seed: 6351066067085065685 (custom seed)

2477 Esekla the Thaumaturge (level 9, -1/45 HPs)
             Began as a Deep Elf Necromancer on July 8, 2023.
             Was a Priest of Vehumet.
             Slain by Joseph
             ... wielding a +0 quarterstaff
              (9 damage)
             ... on level 7 of the Dungeon.
             The game lasted 00:37:33 (6240 turns).

Esekla the Thaumaturge (Deep Elf Necromancer)       Turns: 6240, Time: 00:37:33

Health: -1/45      AC:  5    Str:  5    XL:     9   Next: 27%
Magic:  9/24       EV: 14    Int: 25    God:    Vehumet [***...]
Gold:   398        SH:  0    Dex: 15    Spells: 19/27 levels left

rFire   . . .        a - +0 scimitar
rCold   . . .        (no shield)
rNeg    . . .        t - +0 robe
rPois   .            w - +0 helmet
rElec   .            H - +0 cloak
rCorr   .            j - +0 pair of gloves
SInv    .            (no boots)
Will    .....        C - amulet of magic regeneration
Stlth   +++          (no ring)
HPRegen 0.27/turn    (no ring)
MPRegen 0.59/turn

%: no passive effects
@: no status effects
A: no striking features
a: Renounce Religion


You were on level 7 of the Dungeon.
You worshipped Vehumet.
Vehumet was most pleased with you.
You visited 1 branch of the dungeon, and saw 7 of its levels.

You collected 398 gold pieces.

Inventory:

Hand Weapons
 a - a +0 scimitar (weapon)
 f - a +4 trident of venom
 s - a +2 vampiric dagger
Missiles
 u - 23 poisoned darts (quivered)
Armour
 j - a +0 pair of gloves (worn)
 n - a +0 buckler
 t - a +0 robe (worn)
 w - a +0 helmet (worn)
 H - a +0 cloak (worn)
Jewellery
 C - an amulet of magic regeneration (around neck)
Wands
 q - a wand of roots (15)
 z - a wand of flame (15)
 G - a wand of mindburst (9)
Scrolls
 c - a scroll of enchant armour {unknown}
 e - 3 scrolls of fear {unknown}
 h - 5 scrolls of blinking {unknown}
 k - 3 scrolls of enchant weapon {unknown}
 l - a scroll of amnesia
 p - 2 scrolls of fog
 x - a scroll of summoning {unknown}
 y - a scroll of silence
 A - a scroll of magic mapping
 E - 2 scrolls of teleportation
 F - 2 scrolls of poison
Potions
 b - a potion of magic
 d - 3 potions of ambrosia {unknown}
 g - 6 potions of attraction {unknown}
 i - 2 potions of curing
 m - 2 potions of haste
 o - 3 potions of brilliance {unknown}
 v - a potion of mutation {unknown}
 B - a potion of lignification {unknown}
 D - a potion of heal wounds


   Skills:
 + Level 2.3 Short Blades
 + Level 0.5(1.4) Long Blades
 + Level 0.3 Throwing
 * Level 6.0 Dodging
 + Level 4.5 Stealth
 * Level 9.9 Spellcasting
 * Level 8.5 Necromancy
 + Level 4.1 Translocations
 + Level 4.0 Fire Magic


You had 19 spell levels left.
You knew the following spells:

 Your Spells              Type           Power      Damage    Failure   Level
d - Vampiric Draining     Necr           53%        2d9       1%          3
o - Scorch                Fire           64%        2d7       1%          2
t - Teleport Other        Tloc           32%        N/A       2%          3

Your spell library contained the following spells:

 Spells                   Type           Power      Damage    Failure   Level
 Inner Flame              Hex/Fire       22%        N/A       1%          3
 Necrotise                Necr           100%       1d9       1%          1
 Lesser Beckoning         Tloc           64%        N/A       1%          2
 Animate Dead             Necr           53%        N/A       1%          4
 Gell's Gravitas          Tloc           32%        N/A       2%          3
 Agony                    Necr           53%        N/A       4%          5
 Spider Form              Tmut/Pois      12%        N/A       16%         3
 Cause Fear               Hex            6%         N/A       45%         4
 Summon Mana Viper        Hex/Summ       12%        N/A       80%         5


Dungeon Overview and Level Annotations

Branches:
Dungeon (7/15)             Temple (0/1) D:6

Altars:
Dithmenos
Fedhas
Hepliaklqana
Okawaru
Qazlal
Trog
Vehumet
Zin
The Shining One

Shops:
D:2 =   D:4 (

Annotations:
D:7 Joseph


Message History

Joseph hits you with a +0 quarterstaff!
Casting: Vampiric Draining (safe; 1% risk of failure)
Confirm with . or Enter, or press ? or * to list all spells.
Aiming: Vampiric Draining (safe; 1% risk of failure)
Press: ? - help, Shift-Dir - straight line, f/p - Joseph
Aim: Joseph, wielding a +0 quarterstaff and wearing a +0 leather armour (lightly wounded)
You draw life force from Joseph!
You feel life coursing into your body. Joseph hits you with a +0 quarterstaff!
Casting: Vampiric Draining (safe; 1% risk of failure)
Confirm with . or Enter, or press ? or * to list all spells.
Aiming: Vampiric Draining (safe; 1% risk of failure)
Press: ? - help, Shift-Dir - straight line, f/p - Joseph
Aim: Joseph, wielding a +0 quarterstaff and wearing a +0 leather armour (moderately wounded)
You draw life force from Joseph.
You feel life coursing into your body. Joseph hits you with a +0 quarterstaff!
Casting: Vampiric Draining (safe; 1% risk of failure)
Confirm with . or Enter, or press ? or * to list all spells.
Aiming: Vampiric Draining (safe; 1% risk of failure)
Press: ? - help, Shift-Dir - straight line, f/p - Joseph
Aim: Joseph, wielding a +0 quarterstaff and wearing a +0 leather armour (moderately wounded)
You draw life force from Joseph.
You feel life coursing into your body. Joseph hits you with a +0 quarterstaff!
* * * LOW HITPOINT WARNING * * *
Casting: Vampiric Draining (safe; 1% risk of failure)
Confirm with . or Enter, or press ? or * to list all spells.
Aiming: Vampiric Draining (safe; 1% risk of failure)
Press: ? - help, Shift-Dir - straight line, f/p - Joseph
Aim: Joseph, wielding a +0 quarterstaff and wearing a +0 leather armour (heavily wounded)
You draw life force from Joseph!
You feel life coursing into your body. Joseph says, "I'm happy to see you.
And I'll be happy to kill you." Joseph hits you with a +0 quarterstaff!
* * * LOW HITPOINT WARNING * * *
Casting: Vampiric Draining (safe; 1% risk of failure)
Confirm with . or Enter, or press ? or * to list all spells.
Aiming: Vampiric Draining (safe; 1% risk of failure)
Press: ? - help, Shift-Dir - straight line, f/p - Joseph
Aim: Joseph, wielding a +0 quarterstaff and wearing a +0 leather armour (heavily wounded)
You draw life force from Joseph!
You feel life coursing into your body! Joseph hits you with a +0 quarterstaff!
You die...

.........########################
.........'.......................
.........#.(..#################'#
.#####+##.@..# #####....
#..##....# #(..'....
#.###....###########.###.... #.#
#.............##.# ##### #.#
#.....#######.##.# ..#
#####.#@....#.##.# ...
##.##@#..#.##.###### .@.[
+..................# ..#.
#####.####).######.#
#.<.....##[.# #.# #.###.#.##..#
#.## #. #.#)##..# #... #.
#.#)##..########. #.
#.#)##...........


You could see Joseph.

Vanquished Creatures
  Pikel (D:6)
  A wyvern (D:7)
  Menkaure (D:7)
  An ice beast (D:6)
  A sky beast (D:6)
  2 black bears
  An ogre (D:5)
  A centaur (D:7)
  A phantom (D:7)
  Blork the orc (D:6)
  A kobold brigand (D:6)
  A gnoll sergeant (D:7)
  A bullfrog (D:7)
  2 scorpions (D:5)
  A gnoll bouda (D:4)
  5 hounds
  A jelly (D:6)
  Crazy Yiuf (D:7)
  A sleepcap (D:5)
  4 iguanas
  An orc wizard (D:7)
  16 gnolls
  9 adders
  4 white imps
  An ufetubus (D:6)
  A worm (D:4)
  3 dart slugs
  15 orcs
  6 ball pythons
  4 bats
  3 endoplasms
  8 goblins
  5 hobgoblins
  A quokka (D:1)
  4 frilled lizards
  12 kobolds
  A rat (D:2)
123 creatures vanquished.

Notes
Turn   | Place    | Note
-------+----------+-------------------------------------------
     0 | D:1      | Esekla the Deep Elf Necromancer began the quest for the
                  | Orb.
     0 | D:1      | Reached XP level 1. HP: 10/10 MP: 6/6
   103 | D:1      | Reached skill level 5 in Necromancy
   196 | D:1      | Reached XP level 2. HP: 7/15 MP: 8/8
   367 | D:4      | Found an iron altar of Okawaru.
   380 | D:4      | Found a radiant altar of Vehumet.
   384 | D:4      | Became a worshipper of Vehumet
   537 | D:4      | Found Ponaysk's Antique Weapon Boutique.
  1036 | D:2      | Noticed a black bear
  1148 | D:2      | Reached XP level 3. HP: 5/19 MP: 9/9
  1152 | D:2      | Learned a level 3 spell: Vampiric Draining
  1207 | D:2      | Found Renulab's Jewellery Shop.
  1283 | D:3      | Identified the +5 rapier of the Hero {heavy, rN+ Dex+3}
  1603 | D:3      | Found a stormy altar of Qazlal.
  1608 | D:3      | Found a hazy altar of Hepliaklqana.
  1608 | D:3      | Found a bloodstained altar of Trog.
  1619 | D:3      | Reached skill level 1 in Short Blades
  1619 | D:3      | Reached XP level 4. HP: 24/24 MP: 6/11
  2083 | D:1      | Reached * piety under Vehumet
  2083 | D:1      | Offered knowledge of Foxfire by Vehumet.
  2361 | D:1      | Reached XP level 5. HP: 21/28 MP: 0/12
  2619 | D:2      | Killed a black bear
  2620 | D:2      | Reached skill level 4 in Spellcasting
  2620 | D:2      | Reached skill level 1 in Translocations
  2733 | D:2      | Found a faded altar of an unknown god.
  2908 | D:3      | Reached XP level 6. HP: 32/32 MP: 11/15
  3168 | D:4      | Found a glowing golden altar of the Shining One.
  3186 | D:4      | Found a glowing silver altar of Zin.
  3241 | D:4      | Reached skill level 5 in Spellcasting
  3563 | D:5      | Entered Level 5 of the Dungeon
  3646 | D:5      | Offered knowledge of Scorch by Vehumet.
  3651 | D:5      | Learned a level 2 spell: Scorch
  3678 | D:5      | Reached ** piety under Vehumet
  3724 | D:5      | Reached XP level 7. HP: 33/36 MP: 10/17
  3815 | D:5      | Found a shadowy altar of Dithmenos.
  4120 | D:5      | Reached skill level 1 in Fire Magic
  4189 | D:5      | Got the Parchment of the Lumpy Olives
  4310 | D:5      | Reached skill level 6 in Spellcasting
  4522 | D:6      | Noticed Blork the orc
  4561 | D:6      | Reached skill level 5 in Dodging
  4790 | D:6      | Reached XP level 8. HP: 28/41 MP: 10/20
  4862 | D:6      | Found a blossoming altar of Fedhas.
  4940 | D:6      | Reached skill level 7 in Spellcasting
  4970 | D:6      | Found a staircase to the Ecumenical Temple.
  5047 | D:6      | Noticed Pikel
  5064 | D:6      | Learned a level 3 spell: Teleport Other
  5071 | D:6      | Killed Pikel
  5072 | D:6      | Reached skill level 8 in Spellcasting
  5263 | D:6      | Offered knowledge of Inner Flame by Vehumet.
  5278 | D:6      | Killed Blork the orc
  5457 | D:6      | Reached skill level 9 in Spellcasting
  5603 | D:7      | Reached XP level 9. HP: 45/45 MP: 24/24
  5620 | D:7      | Noticed Menkaure
  5627 | D:7      | Killed Menkaure
  5713 | D:7      | Found a runed translucent door.
  5714 | D:7      | Noticed Crazy Yiuf
  5720 | D:7      | Killed Crazy Yiuf
  5924 | D:7      | Reached *** piety under Vehumet
  6212 | D:7      | Noticed Joseph
  6239 | D:7      | HP: 1/45 [Joseph/+0 quarterstaff (16)]
  6240 | D:7      | Slain by Joseph

Illustrated notes

Levels and vault maps discovered:
D:1:      sevenhm_arrival_forest_fort_small_3, layout_rooms,
          chequers_serial_rivers_room_b, minmay_misc_feat_five
D:2:      layout_loops_ring, dreamdust_ecumenical_altar_angels_and_demons,
          serial_shops, shop
D:3:      layout_basic, grunt_temple_overflow_open, minmay_misc_feat_iff
D:4:      layout_basic, nicolae_overflow_quartered_altars, serial_shops,
          nicolae_diamond_shop
D:5:      layout_loops_ring, lemuel_doored_altar, minmay_misc_feat_rows,
          dreamdust_wishing_well
D:6:      layout_loops_cross, fedhas_altar_fruit_tree,
          minmay_temple_entry_glass, uniq_pikel, uniq_blork_the_orc
D:7:      layout_basic, uniq_menkaure, uniq_joseph, uniq_crazy_yiuf_cottage

Skill      XL: |  1  2  3  4  5  6  7  8  9 |
---------------+----------------------------+-----
Necromancy     | 5 6 7 8 |  8.5
Dodging        | 3 4 5 6 |  6.0
Short Blades   | 1 2 |  2.3
Stealth        | 3 4 |  4.5
Spellcasting   | 4 5 6 9 |  9.9
Translocations | 1 2 3 4 |  4.1
Fire Magic     | 2 3 4 |  4.0
Long Blades    | |  0.5
Throwing       | |  0.3

Action                     |  1- 3 |  4- 6 |  7- 9 || total
---------------------------+-------+-------+-------++-------
  Melee: Short sword       |    40 |       |       ||    40
         Unarmed           |     6 |       |       ||     6
         Dagger            |    57 |       |    82 ||   139
         Rapier            |    14 |    63 |    10 ||    87
         Punch             |       |     2 |       ||     2
         Scimitar          |       |       |    16 ||    16
  Throw: Dart              |       |     3 |    14 ||    17
   Cast: Vampiric Draining |     1 |    33 |    34 ||    68
         Scorch            |       |       |    31 ||    31
         Teleport Other    |       |       |     1 ||     1
  Evoke: Wand              |       |     2 |     4 ||     6
    Use: Potion            |     1 |     1 |     2 ||     4
         Scroll            |       |       |     9 ||     9
   Stab: Sleeping          |     5 |     6 |     7 ||    18
         Distracted        |       |       |     1 ||     1
 Armour: Robe              |    31 |    14 |    32 ||    77
  Dodge: Dodged            |    77 |    71 |   103 ||   251
